 Dungeon Crawl Stone Soup version 0.21.1-1-g345015fe64 (webtiles) character file.

3101 Evaline the Blocker (level 9, -23/70 HPs)
             Began as a Minotaur Fighter on June 20, 2018.
             Annihilated by a two-headed ogre
             ... wielding a +0 giant spiked club
              (28 damage)
             ... on level 8 of the Dungeon.
             The game lasted 00:33:48 (7132 turns).

Evaline the Blocker (Minotaur Fighter)              Turns: 7132, Time: 00:33:49

Health: -23/70     AC: 11    Str: 24    XL:     9   Next: 59%
Magic:  8/8        EV:  7    Int:  5    God:
Gold:   452        SH: 13    Dex: 10    Spells: 8/8 levels left

rFire    . . .     SeeInvis .   a - +0 long sword
rCold    . . .     Gourm    .   c - +0 shield
rNeg     . . .     Faith    .   H - +0 chain mail
rPois    +         Spirit   .   (helmet restricted)
rElec    .         Reflect  .   B - +0 cloak
rCorr    .         Harm     .   (no gloves)
MR       .....                  i - +0 pair of boots
Stlth    ..........             E - amulet of rage
HPRegen  0.21/turn              z - ring of poison resistance
MPRegen  0.11/turn              (no ring)

@: no status effects
A: retaliatory headbutt, horns 2
a: Evoke Berserk Rage


You were on level 8 of the Dungeon.
You were hungry.

You visited 2 branches of the dungeon, and saw 9 of its levels.

You collected 452 gold pieces.

Inventory:

Hand Weapons
 a - a +0 long sword (weapon)
 b - a +0 hunting sling
 j - a +0 trident
 l - a +1 flail of crushing
 y - a +2 whip of draining
 F - a +0 blowgun
 I - a +0 morningstar
 O - a +2 whip of electrocution
Missiles
 e - 247 stones
 o - 14 sling bullets
 v - 83 bolts
 w - 43 poisoned needles
 x - 2 curare-tipped needles
 J - 2 tomahawks (quivered)
Armour
 c - a +0 shield (worn)
 i - a +0 pair of boots (worn)
 B - a +0 cloak (worn)
 H - a +0 chain mail (worn)
Jewellery
 m - an uncursed amulet of the gourmand
 z - a ring of poison resistance (left hand)
 A - an uncursed ring of protection from fire {unknown}
 E - an amulet of rage (around neck)
 M - a +3 ring of dexterity {unknown}
Wands
 D - a wand of enslavement (11)
 K - a wand of paralysis (32)
 N - a wand of random effects (27)
Scrolls
 g - a scroll of enchant armour {unknown}
 n - 2 scrolls of remove curse
 r - 2 scrolls of teleportation {unknown}
 t - 4 scrolls of identify
 u - a scroll of fear {unknown}
 C - a scroll of amnesia {unknown}
Potions
 d - 2 potions of might
 h - a potion of ambrosia {unknown}
 k - 2 potions of curing
 p - 3 potions of flight {unknown}
 q - a potion of heal wounds
 s - 3 potions of invisibility
 G - 2 potions of lignification {unknown}
Comestibles
 f - 15 rations


   Skills:
 - Level 3.6 Fighting
 + Level 10.0 Long Blades
 - Level 0.5 Maces & Flails
 - Level 1.1 Slings
 - Level 3.6 Armour
 * Level 12.7 Shields


You had 8 spell levels left.
You didn't know any spells.

Dungeon Overview and Level Annotations

Branches:
Dungeon (8/15)             Temple (1/1) D:7
   Lair: D:8-11

Altars:
Ashenzari
Cheibriados
Dithmenos
Elyvilon
Fedhas
Gozag
Hepliaklqana
Kikubaaqudgha
Makhleb
Nemelex Xobeh
Qazlal
Ru
Sif Muna
Trog
Uskayaw
Vehumet
Wu Jian
Yredelemnul
Zin
The Shining One

Annotations:
D:8 Prince Ribbit


Innate Abilities, Weirdness & Mutations

You reflexively headbutt those who attack you in melee.
You have a pair of horns on your head.


Message History

You are too injured to fight recklessly!
You are too injured to fight recklessly!
You are too injured to fight recklessly!
You hit the two-headed ogre.
The two-headed ogre is lightly wounded.
The two-headed ogre hits you but does no damage.
The two-headed ogre hits you with a dire flail!
* * * LOW HITPOINT WARNING * * *
You hit the two-headed ogre. You headbutt the two-headed ogre.
The two-headed ogre is moderately wounded.
You barely miss the two-headed ogre.
Your headbutt misses the two-headed ogre.
The two-headed ogre is moderately wounded.
The two-headed ogre hits you with a giant spiked club!
* * * LOW HITPOINT WARNING * * *
The two-headed ogre barely misses you.
You completely miss the two-headed ogre.
The two-headed ogre is moderately wounded.
The two-headed ogre hits you with a giant spiked club!!
You die...

############
#.@........#
#O########.#
# #.
#.########
#.
#.........
#.
##########
.. # #. ##
#. #. ##


You could see a two-headed ogre.

Vanquished Creatures
  A two-headed ogre (D:8)
  Pikel (D:8)
  A hippogriff (D:8)
  A wyvern (D:8)
  2 slaves (D:8)
  An ogre (D:4)
  2 phantoms (D:4)
  2 centaurs (D:6)
  Blork the orc (D:5)
  3 bullfrogs
  2 scorpions
  3 howler monkeys
  A bullfrog zombie (D:6)
  5 hounds
  3 orc priests (D:7)
  A jelly (D:4)
  5 orc wizards
  3 worker ants
  A hound skeleton (D:7)
  A worker ant zombie (D:7)
  6 adders
  7 gnolls
  A howler monkey skeleton (D:4)
  A shadow imp (D:8)
  An adder skeleton (D:4)
  4 worms
  3 dart slugs
  5 leopard geckos
  15 orcs
  2 ball pythons (D:1)
  6 bats
  3 giant cockroaches
  6 goblins
  10 hobgoblins
  2 jackals (D:2)
  9 kobolds
  A quokka (D:6)
  5 frilled lizards
  A giant cockroach zombie (D:6)
  2 leopard gecko zombies
  2 quokka skeletons (D:4)
  7 rats
139 creatures vanquished.

Notes
Turn   | Place    | Note
-------+----------+-------------------------------------------
     0 | D:1      | Evaline the Minotaur Fighter began the quest for the Orb.
     0 | D:1      | Reached XP level 1. HP: 19/19 MP: 0/0
   300 | D:1      | Reached skill level 4 in Shields
   339 | D:1      | Reached XP level 2. HP: 17/26 MP: 1/1
   725 | D:1      | Reached XP level 3. HP: 31/31 MP: 2/2
   924 | D:2      | Found a shadowy altar of Dithmenos.
  1088 | D:2      | Reached skill level 5 in Shields
  1452 | D:2      | Reached XP level 4. HP: 34/39 MP: 3/3
  2036 | D:3      | Reached XP level 5. HP: 36/45 MP: 4/4
  2193 | D:3      | Reached skill level 6 in Shields
  2296 | D:3      | You fall through a shaft for 2 floors!
  2296 | D:5      | Entered Level 5 of the Dungeon
  2379 | D:4      | Noticed a phantom
  2428 | D:5      | Found a blossoming altar of Fedhas.
  2441 | D:5      | Noticed a hippogriff
  2621 | D:4      | Reached XP level 6. HP: 37/51 MP: 5/5
  2733 | D:3      | Reached skill level 5 in Long Blades
  2927 | D:4      | Reached skill level 7 in Shields
  3286 | D:4      | Reached skill level 8 in Shields
  3286 | D:4      | Reached XP level 7. HP: 54/57 MP: 6/6
  3499 | D:4      | Reached skill level 9 in Shields
  3763 | D:5      | Noticed Blork the orc
  3769 | D:5      | Killed Blork the orc
  3829 | D:5      | Found a burning altar of Makhleb.
  3831 | D:5      | Found a sparkling altar of Nemelex Xobeh.
  3831 | D:5      | Found an ancient bone altar of Kikubaaqudgha.
  3831 | D:5      | Found an opulent altar of Gozag.
  3833 | D:5      | Found a glowing silver altar of Zin.
  3833 | D:5      | Found a white marble altar of Elyvilon.
  3981 | D:6      | Reached skill level 1 in Slings
  3981 | D:6      | Reached XP level 8. HP: 27/64 MP: 7/7
  4411 | D:6      | Found a sacrificial altar of Ru.
  4594 | D:6      | Reached skill level 10 in Shields
  5247 | D:7      | Found a staircase to the Ecumenical Temple.
  5260 | Temple   | Entered the Ecumenical Temple
  5523 | D:7      | Found a shattered altar of Ashenzari.
  5800 | D:7      | Found a basalt altar of Yredelemnul.
  6227 | D:8      | Noticed a two-headed ogre
  6253 | D:8      | Noticed a hippogriff
  6409 | D:8      | Killed a two-headed ogre
  6409 | D:8      | Reached skill level 11 in Shields
  6409 | D:8      | Reached XP level 9. HP: 25/70 MP: 8/8
  6671 | D:8      | Reached skill level 12 in Shields
  6753 | D:8      | Noticed Pikel
  6829 | D:8      | Killed Pikel
  6829 | D:8      | Reached skill level 10 in Long Blades
  7079 | D:8      | Noticed Prince Ribbit
  7126 | D:8      | Noticed a two-headed ogre
  7132 | D:8      | Annihilated by a two-headed ogre

Skill      XL: |  1  2  3  4  5  6  7  8  9 |
---------------+----------------------------+-----
Shields        | 4 5 6 8 9 11 12 | 12.7
Long Blades    | 3 4 5 6 9 10 | 10.0
Slings         | 1 |  1.1
Fighting       | |  3.6
Maces & Flails | |  0.5
Armour         | |  3.6

Action                   |  1- 3 |  4- 6 |  7- 9 || total
-------------------------+-------+-------+-------++-------
Melee: Long sword        |   117 |   100 |   240 ||   457
       Headbutt          |    10 |    29 |    49 ||    88
       Whip              |       |    73 |       ||    73
       Trident           |       |       |    11 ||    11
 Fire: Hunting sling     |       |     3 |    10 ||    13
Throw: Tomahawk          |       |       |     2 ||     2
       Stone             |       |       |     1 ||     1
  Use: Scroll            |       |     3 |       ||     3
  Eat: Chunk             |     1 |    17 |     3 ||    21
Armor: Scale mail        |    62 |    74 |    47 ||   183
       Chain mail        |       |       |    31 ||    31
Dodge: Dodged            |    41 |    54 |    43 ||   138
Block: Shield            |    76 |   108 |   158 ||   342
       Rpst.: Long sword |    11 |     2 |    10 ||    23
